 Dungeon Crawl Stone Soup version 0.31.0-11-ge490571c62 (webtiles) character file.

Game seed: 11354967790229314021

62 booth the Chopper (level 3, 0/28 HPs)
             Began as a Demonspawn Gladiator on Jan 27, 2024.
             Slain by Grinder (3 damage)
             ... on level 3 of the Dungeon.
             The game lasted 00:07:15 (1538 turns).

booth the Chopper (Demonspawn Gladiator)            Turns: 1538, Time: 00:07:15

Health: 0/28       AC:  6    Str: 14    XL:     3   Next: 85%
Magic:  3/3        EV: 11    Int: 10    God:
Gold:   79         SH:  0    Dex: 14    Spells: 2/2 levels left

rFire   . . .        a - +1 war axe
rCold   . . .        (no shield)
rNeg    + . .        l - +0 ring mail
rPois   .            c - +0 helmet
rElec   .            (no cloak)
rCorr   .            (no gloves)
SInv    .            (no boots)
Will    .....        (no amulet)
Stlth   +            n - ring of positive energy
HPRegen 0.24/turn    (no ring)
MPRegen 0.08/turn

%: no passive effects
@: no status effects
A: ignite blood 1
a: no special abilities


You were on level 3 of the Dungeon.
You visited 1 branch of the dungeon, and saw 3 of its levels.

You collected 79 gold pieces.

Inventory:

Hand Weapons
 a - a +1 war axe (weapon)
 g - a +0 mace
Missiles
 d - 3 throwing nets (quivered)
 e - a javelin
Armour
 c - a +0 helmet (worn)
 l - a +0 ring mail (worn)
Jewellery
 f - a ring of ice
 n - a ring of positive energy (left hand)
Scrolls
 b - a scroll of teleportation
Potions
 h - a potion of brilliance
 i - a potion of degeneration {unknown}
 j - a potion of invisibility {unknown}
 m - a potion of curing {unknown}
 o - 3 potions of haste
 p - a potion of might {unknown}


   Skills:
 + Level 2.7 Fighting
 * Level 3.6 Axes
 + Level 2.4 Throwing
 - Level 2.6 Dodging


You had 2 spell levels left.
You didn't know any spells.
Your spell library contained the following spells:

 Spells                   Type           Power      Damage    Failure   Level
 Call Imp                 Summ           0%         N/A       75%         2
 Sublimation of Blood     Necr           0%         N/A       75%         2
 Ozocubu's Armour         Ice            0%         N/A       93%         3
 Metabolic Englaciation   Hex/Ice        0%         N/A       100%        5
 Sculpt Simulacrum        Ice/Alch       0%         N/A       100%        6
 Summon Hydra             Summ           0%         N/A       100%        7


Dungeon Overview and Level Annotations

Branches:
Dungeon (3/15)

Altars:
Sif Muna

Annotations:
D:3 Grinder


Innate Abilities, Weirdness & Mutations

Your demonic aura sometimes causes spilled blood to erupt in flames.


Message History

Grinder says, "There's only one good use for a tongue: cutting it out."
Grinder misses you.
You hit Grinder.
Grinder is lightly wounded.
Grinder barely misses you.
You hit Grinder.
Grinder is lightly wounded.
Grinder closely misses you.
Grinder says, "DUCK!"
Grinder hits you but does no damage.
You hit Grinder.
Grinder is moderately wounded.
Grinder gestures at you. Pain shoots through your body!
You completely miss Grinder.
Grinder is moderately wounded.
Grinder hits you.
You slash Grinder!
Grinder is heavily wounded.
Grinder closely misses you. Grinder hits you.
You writhe in agony.
You are too injured to fight recklessly!
You are too injured to fight recklessly!
You are too injured to fight recklessly!
You are too injured to fight recklessly!
You are too injured to fight recklessly!
You barely miss Grinder.
Grinder is heavily wounded.
Grinder hits you.
You writhe in agony.
You closely miss Grinder.
Grinder is heavily wounded.
Grinder misses you.
You hit Grinder.
Grinder is heavily wounded.
Grinder hits you!
* * * LOW HITPOINT WARNING * * *
Grinder hits you.
* * * LOW HITPOINT WARNING * * *
You writhe in agony.
You die...
Grinder sighs, "Dead already?
I want a refund."

####### #.@...#
#5###.##########
#...##....<.....#
#.....##########.#
#.....5.#
#.)._...#
#......)#
##)....## ##.[.##


You could see Grinder.

Vanquished Creatures
  An adder (D:2)
  4 dart slugs
  5 bats
  3 endoplasms
  A giant cockroach (D:2)
  4 goblins
  9 hobgoblins
  3 jackals (D:1)
  2 ball pythons (D:1)
  3 frilled lizards (D:2)
  A kobold (D:1)
  6 rats
42 creatures vanquished.

Notes
Turn   | Place    | Note
-------+----------+-------------------------------------------
     0 | D:1      | booth the Demonspawn Gladiator began the quest for the Orb.
     0 | D:1      | Reached XP level 1. HP: 16/16 MP: 1/1
   256 | D:1      | Reached skill level 3 in Axes
   256 | D:1      | Gained mutation: Your demonic aura sometimes causes spilled
                  | blood to erupt in flames. [demonic ancestry]
   256 | D:1      | Reached XP level 2. HP: 22/22 MP: 2/2
   841 | D:2      | Reached XP level 3. HP: 26/28 MP: 3/3
  1506 | D:3      | Found a shimmering blue altar of Sif Muna.
  1507 | D:3      | Noticed Grinder
  1509 | D:3      | Paralysed by Grinder for 4 turns
  1538 | D:3      | Slain by Grinder

Illustrated notes

Levels and vault maps discovered:
D:1:      dpeg_arrival_stone_temple_mockup, layout_rooms, minmay_misc_feat_chi
D:2:      layout_loops_corners
D:3:      layout_loops_ring, lemuel_round_altar, okawaru_altar_gauntlet_db,
          gammafunk_temple_overflow_pools, uniq_grinder

Skill      XL: |  1 |
---------------+----+-----
Axes           | 3 |  3.6
Throwing       | 2 |  2.4
Fighting       | |  2.7
Dodging        | |  2.6

Action                     || total
---------------------------++-------
  Melee: War axe           ||   112
  Throw: Javelin           ||     1
         Throwing net      ||     1
    Use: Scroll            ||     3
         Potion            ||     1
   Stab: Sleeping          ||     1
 Armour: Leather armour    ||    17
         Ring mail         ||    47
  Dodge: Dodged            ||    70
